LNBL
KANSAS CITY STARS @ CHATTANOOGA NICKAJACKS
06/19/1915
 
TOP OF THE 1ST
Kansas City Stars batting - Pitching for Chattanooga Nickajacks : RHP Henry Passon
Pitching: RHP Henry Passon
Batting: LHB Bus Tolliver 0-0: Ball
1-0: Ball
2-0: Called Strike
2-1: Fly out, F7 (Flyball, 7, EV 99.4 MPH)
Batting: RHB Jesse Black 0-0: Ball
1-0: Ball
2-0: Foul Ball, location: 2F
2-1: Fly out, F3 (Popup, 3F, EV 78.1 MPH)
Batting: SHB Martin Cottingham 0-0: Ball
1-0: Swinging Strike
1-1: Ball
2-1: Foul Ball, location: 2F
2-2: Foul Ball, location: 23FF
2-2: SINGLE (Line Drive, 6MD, EV 105.0 MPH)
Batting: SHB Clifford Boada 0-0: Called Strike
0-1: Foul Ball, location: 9LMF
0-2: Ball
1-2: Strikes out swinging
Top of the 1st over - 0 runs, 1 hit, 0 errors, 1 left on base; Kansas City 0 - Chattanooga 0
BOTTOM OF THE 1ST
Chattanooga Nickajacks batting - Pitching for Kansas City Stars : RHP John Nelson
Pitching: RHP John Nelson
Batting: RHB Eugene Campbell 0-0: Called Strike
0-1: Ball
1-1: Ball
2-1: Foul Ball, location: 7LSF
2-2: Hit by Pitch
Batting: RHB Raymond Edwards 0-0: Bunted foul
0-1: Bunted foul
0-2: Foul Ball, location: 9LDF
0-2: Foul Ball, location: 2F
0-2: Foul Ball, location: 9LDF
0-2: Ball
1-2: Ball
2-2: Ball
3-2: Fly out, F3 (Popup, 3, EV 38.1 MPH)
Batting: LHB Eggie Saunders 0-0: Ball
1-0: Called Strike
1-1: Foul Ball, location: 2RF
1-2: Ball
2-2: Fielders Choice at 2nd, 4-6 (Groundball, 4, EV 83.1 MPH)
Batting: RHB Eddie Gransbury 0-0: Called Strike
0-1: Fly out, F8 (Line Drive, 8RM, EV 86.3 MPH)
Bottom of the 1st over - 0 runs, 0 hits, 0 errors, 1 left on base; Kansas City 0 - Chattanooga 0
TOP OF THE 2ND
Kansas City Stars batting - Pitching for Chattanooga Nickajacks : RHP Henry Passon
Batting: RHB James Beal 0-0: Ball
1-0: Ball
2-0: Called Strike
2-1: Ground out 4-3 (Groundball, 4, EV 81.9 MPH)
Batting: RHB Bill Hairston 0-0: Ball
1-0: Ball
2-0: Single, Error in OF, E9, batter to second base (Line Drive, 89S, EV 110.0 MPH)
Batting: LHB Tank Moore 0-0: Ball
1-0: Called Strike
1-1: Called Strike
1-2: Strikes out swinging
Batting: RHB Henry Leonard 0-0: Ball
1-0: Ground out U3 (Groundball, 3, EV 96.3 MPH)
Top of the 2nd over - 0 runs, 1 hit, 1 error, 1 left on base; Kansas City 0 - Chattanooga 0
BOTTOM OF THE 2ND
Chattanooga Nickajacks batting - Pitching for Kansas City Stars : RHP John Nelson
Batting: RHB Ernest Evans 0-0: Ball
1-0: Called Strike
1-1: Ball
2-1: Ball
3-1: Foul Ball, location: 9LSF
3-2: Fly out, F9 (Flyball, 9LM, EV 90.6 MPH)
Batting: RHB Flash Reynolds 0-0: Called Strike
0-1: Swinging Strike
0-2: Ball
1-2: Ball
2-2: Ball
3-2: Base on Balls
Batting: RHB Jesse Redwine 0-0: Ball
1-0: Called Strike
1-1: Ball
2-1: Foul Ball, location: 25F
2-2: Foul Ball, location: 9LMF
2-2: Fly out, F3 (Popup, 3S, EV 81.9 MPH)
Batting: RHB Robert Forsythe 0-0: SINGLE (Groundball, 34D, EV 103.8 MPH)
Flash Reynolds to second
Runner from 2nd tries for 3rd, SAFE, throw by RF made to third
Robert Forsythe to second
Batting: RHB Henry Passon 0-0: Ball
1-0: SINGLE (Line Drive, 8LS, EV 98.1 MPH)
Flash Reynolds scores
Robert Forsythe to third
Runner from 3rd tries for Home, throw by CF and OUT! 8-2
Bottom of the 2nd over - 1 run, 2 hits, 0 errors, 1 left on base; Kansas City 0 - Chattanooga 1
TOP OF THE 3RD
Kansas City Stars batting - Pitching for Chattanooga Nickajacks : RHP Henry Passon
Batting: RHB John Nelson 0-0: Ball
1-0: Ground out 6-3 (Groundball, 6, EV 85.0 MPH)
Batting: LHB Bus Tolliver 0-0: Swinging Strike
0-1: Foul Ball, location: 25F
0-2: Ball
1-2: Strikes out swinging
Batting: RHB Jesse Black 0-0: Ground out 6-3 (Groundball, 6, EV 86.3 MPH)
Top of the 3rd over - 0 runs, 0 hits, 0 errors, 0 left on base; Kansas City 0 - Chattanooga 1
BOTTOM OF THE 3RD
Chattanooga Nickajacks batting - Pitching for Kansas City Stars : RHP John Nelson
Batting: RHB Eugene Campbell 0-0: Fly out, F8 (Line Drive, 8RD, EV 95.0 MPH)
Batting: RHB Raymond Edwards 0-0: Fly out, F4 (Popup, 3DF, EV 65.0 MPH)
Batting: LHB Eggie Saunders 0-0: Called Strike
0-1: Ground out 1-3 (Groundball, 15S, EV 70.0 MPH)
Bottom of the 3rd over - 0 runs, 0 hits, 0 errors, 0 left on base; Kansas City 0 - Chattanooga 1
TOP OF THE 4TH
Kansas City Stars batting - Pitching for Chattanooga Nickajacks : RHP Henry Passon
Batting: SHB Martin Cottingham 0-0: Ground out 1-3 (Groundball, 15S, EV 75.0 MPH)
Batting: SHB Clifford Boada 0-0: Ball
1-0: Called Strike
1-1: Foul Ball, location: 7LDF
1-2: Fly out, F6 (Line Drive, 6M, EV 68.8 MPH)
Batting: RHB James Beal 0-0: Ball
1-0: Ground out 6-3 (Groundball, 6S, EV 90.0 MPH)
Top of the 4th over - 0 runs, 0 hits, 0 errors, 0 left on base; Kansas City 0 - Chattanooga 1
BOTTOM OF THE 4TH
Chattanooga Nickajacks batting - Pitching for Kansas City Stars : RHP John Nelson
Batting: RHB Eddie Gransbury 0-0: Called Strike
0-1: Foul Ball, location: 7LDF
0-2: Foul Ball, location: 3F
0-2: Ground out 5-3 (Groundball, 56, EV 86.3 MPH)
Batting: RHB Ernest Evans 0-0: Called Strike
0-1: Ground out 6-3 (Groundball, 6, EV 93.8 MPH)
Batting: RHB Flash Reynolds 0-0: Ball
1-0: Ball
2-0: Called Strike
2-1: Ground out 4-3 (Groundball, 4S, EV 94.4 MPH)
Bottom of the 4th over - 0 runs, 0 hits, 0 errors, 0 left on base; Kansas City 0 - Chattanooga 1
TOP OF THE 5TH
Kansas City Stars batting - Pitching for Chattanooga Nickajacks : RHP Henry Passon
Batting: RHB Bill Hairston 0-0: Called Strike
0-1: Ball
1-1: Ball
2-1: Swinging Strike
2-2: Strikes out looking
Batting: LHB Tank Moore 0-0: Foul Ball, location: 25F
0-1: Ball
1-1: Ground out 3-1 (Groundball, 34, EV 87.5 MPH)
Batting: RHB Henry Leonard 0-0: Fly out, F7 (Flyball, 7, EV 92.5 MPH)
Top of the 5th over - 0 runs, 0 hits, 0 errors, 0 left on base; Kansas City 0 - Chattanooga 1
BOTTOM OF THE 5TH
Chattanooga Nickajacks batting - Pitching for Kansas City Stars : RHP John Nelson
Batting: RHB Jesse Redwine 0-0: Ball
1-0: Foul Ball, location: 2F
1-1: Called Strike
1-2: Strikes out swinging
Batting: RHB Robert Forsythe 0-0: Ball
1-0: Ground out 5-3 (Groundball, 56, EV 104.4 MPH)
Batting: RHB Henry Passon 0-0: SINGLE (Groundball, 34D, EV 100.6 MPH)
Batting: RHB Eugene Campbell 0-0: Ground out 6-3 (Groundball, 6M, EV 82.5 MPH)
Bottom of the 5th over - 0 runs, 1 hit, 0 errors, 1 left on base; Kansas City 0 - Chattanooga 1
TOP OF THE 6TH
Kansas City Stars batting - Pitching for Chattanooga Nickajacks : RHP Henry Passon
Batting: RHB John Nelson 0-0: Ground out 5-3 (Groundball, 56S, EV 87.5 MPH)
Batting: LHB Bus Tolliver 0-0: Foul Ball, location: 7LSF
0-1: Foul Ball, location: 3F
0-2: Ground out U3 (Groundball, 13, EV 83.1 MPH)
Batting: RHB Jesse Black 0-0: Ball
1-0: Called Strike
1-1: TRIPLE (Line Drive, 78XD, EV 108.1 MPH)
Batting: SHB Martin Cottingham 0-0: Called Strike
0-1: Ball
1-1: Called Strike
1-2: Ball
2-2: Foul Ball, location: 2LF
2-2: Foul Ball, location: 7LMF
2-2: Ball
3-2: Foul Ball, location: 23F
3-2: Foul Ball, location: 2F
3-2: Base on Balls
Batting: SHB Clifford Boada 0-0: Called Strike
Martin Cottingham is caught stealing 2nd base 2-6
Top of the 6th over - 0 runs, 1 hit, 0 errors, 1 left on base; Kansas City 0 - Chattanooga 1
BOTTOM OF THE 6TH
Chattanooga Nickajacks batting - Pitching for Kansas City Stars : RHP John Nelson
Batting: RHB Raymond Edwards 0-0: Called Strike
0-1: Foul Ball, location: 3FF
0-2: Foul Ball, location: 3F
0-2: Ball
1-2: Ball
2-2: Ball
3-2: Foul Ball, location: 9LMF
3-2: Foul Ball, location: 9LDF
3-2: Foul Ball, location: 5DF
3-2: Foul Ball, location: 2LF
3-2: Foul Ball, location: 2F
3-2: Fly out, F8 (Flyball, 78S, EV 95.0 MPH)
Batting: LHB Eggie Saunders 0-0: Called Strike
0-1: Called Strike
0-2: Foul Ball, location: 23F
0-2: Foul Ball, location: 7LSF
0-2: Foul Ball, location: 7LDF
0-2: Ball
1-2: Ground out 5-3 (Groundball, 56, EV 90.6 MPH)
Batting: RHB Eddie Gransbury 0-0: Ball
1-0: Reached on error, E3 (Groundball, 34, EV 86.9 MPH)
Batting: RHB Ernest Evans 0-0: Ball
1-0: Ball
Eddie Gransbury is caught stealing 2nd base 2-4
Bottom of the 6th over - 0 runs, 0 hits, 1 error, 0 left on base; Kansas City 0 - Chattanooga 1
TOP OF THE 7TH
Kansas City Stars batting - Pitching for Chattanooga Nickajacks : RHP Henry Passon
Batting: SHB Clifford Boada 0-0: Ball
1-0: Foul Ball, location: 2F
1-1: Ground out 4-3 (Groundball, 4, EV 81.3 MPH)
Batting: RHB James Beal 0-0: Ball
1-0: Ball
2-0: Called Strike
2-1: Foul Ball, location: 9LMF
2-2: Foul Ball, location: 2F
2-2: Ball
3-2: Foul Ball, location: 9LMF
3-2: Ground out 6-3 (Groundball, 6, EV 101.9 MPH)
Pinch Hitting: LHB Tom Smith 0-0: Ball
1-0: Fly out, F7 (Flyball, 78M, EV 79.4 MPH)
Top of the 7th over - 0 runs, 0 hits, 0 errors, 0 left on base; Kansas City 0 - Chattanooga 1
BOTTOM OF THE 7TH
Chattanooga Nickajacks batting - Pitching for Kansas City Stars : RHP John Nelson
Now at 3B: Roy Lane
Batting: RHB Ernest Evans 0-0: Called Strike
0-1: Ball
1-1: Ball
2-1: Foul Ball, location: 3FF
2-2: Ball
3-2: Foul Ball, location: 9LSF
3-2: Fly out, F4 (Popup, 3DF, EV 64.4 MPH)
Batting: RHB Flash Reynolds 0-0: Called Strike
0-1: Ball
1-1: Foul Ball, location: 9LSF
1-2: Ball
2-2: Ball
3-2: Base on Balls
Batting: RHB Jesse Redwine 0-0: Ball
1-0: Swinging Strike
1-1: Bunted foul
1-2: Ball
2-2: Ball
3-2: Ground out 5-3 (Groundball, 25, EV 86.9 MPH)
Flash Reynolds to second
Batting: RHB Robert Forsythe 0-0: Called Strike
0-1: Ball
1-1: Swinging Strike
1-2: Ball
2-2: Ball
3-2: Foul Ball, location: 3F
3-2: Ground out 1-3 (Groundball, 13S, EV 65.0 MPH)
Bottom of the 7th over - 0 runs, 0 hits, 0 errors, 1 left on base; Kansas City 0 - Chattanooga 1
TOP OF THE 8TH
Kansas City Stars batting - Pitching for Chattanooga Nickajacks : RHP Henry Passon
Batting: LHB Tank Moore 0-0: Ball
1-0: Called Strike
1-1: Ball
2-1: Called Strike
2-2: Foul Ball, location: 5SF
2-2: Ball
3-2: Ground out 4-3 (Groundball, 4S, EV 84.4 MPH)
Batting: RHB Henry Leonard 0-0: Ground out 6-3 (Groundball, 6, EV 103.8 MPH)
Batting: RHB John Nelson 0-0: Ball
1-0: Ball
2-0: Foul Ball, location: 9LMFF
2-1: Foul Ball, location: 2F
2-2: Ball
3-2: Foul Ball, location: 9LDF
3-2: Strikes out swinging
Top of the 8th over - 0 runs, 0 hits, 0 errors, 0 left on base; Kansas City 0 - Chattanooga 1
BOTTOM OF THE 8TH
Chattanooga Nickajacks batting - Pitching for Kansas City Stars : RHP John Nelson
Batting: RHB Henry Passon 0-0: Ball
1-0: Ball
2-0: Ground out 4-3 (Groundball, 4, EV 86.9 MPH)
Batting: RHB Eugene Campbell 0-0: Ball
1-0: Ball
2-0: Called Strike
2-1: Swinging Strike
2-2: Ball
3-2: Base on Balls
Pitching: LHP Kid Good
Batting: RHB Raymond Edwards 0-0: Bunted foul
0-1: Sac Bunt to 2R - play at first, batter OUT! 2-3
Eugene Campbell to second
Batting: LHB Eggie Saunders 0-0: Foul Ball, location: 7LSF
0-1: Ball
1-1: Swinging Strike
1-2: Ground out 5-3 (Groundball, 56S, EV 86.3 MPH)
Bottom of the 8th over - 0 runs, 0 hits, 0 errors, 1 left on base; Kansas City 0 - Chattanooga 1
TOP OF THE 9TH
Kansas City Stars batting - Pitching for Chattanooga Nickajacks : RHP Henry Passon
Now at 1B: George Talbert
Now in RF: Wesley Wilson
Batting: LHB Bus Tolliver 0-0: Called Strike
0-1: Swinging Strike
0-2: Ball
1-2: Ball
2-2: Foul Ball, location: 2F
2-2: Ball
3-2: Fly out, F9 (Flyball, 9LD, EV 95.6 MPH)
Pinch Hitting: LHB Wilmer Walden 0-0: Called Strike
0-1: Called Strike
0-2: Ball
1-2: Foul Ball, location: 7LDF
1-2: Ball
2-2: Foul Ball, location: 9LDF
2-2: Fly out, F8 (Line Drive, 8RD, EV 88.1 MPH)
Batting: SHB Martin Cottingham 0-0: Ball
1-0: Swinging Strike
1-1: Ball
2-1: Swinging Strike
2-2: Strikes out swinging
Top of the 9th over - 0 runs, 0 hits, 0 errors, 0 left on base; Kansas City 0 - Chattanooga 1
Sunday, November 17th , 2024 - OOTP Baseball 25.10 Build 95